 Dungeon Crawl Stone Soup version 0.22.0-6-g71bd7aa (webtiles) character file.

352 Sqgman the Covered (level 6, 0/53 HPs)
             Began as a Minotaur Fighter on Aug 15, 2018.
             Was an Initiate of Ru.
             Slain by an ogre
             ... wielding a +0 giant spiked club
              (23 damage)
             ... on level 4 of the Dungeon.
             The game lasted 00:15:21 (2561 turns).

Sqgman the Covered (Minotaur Fighter)               Turns: 2561, Time: 00:15:21

Health: 0/53       AC:  9    Str: 22    XL:     6   Next: 34%
Magic:  5/5        EV:  8    Int:  5    God:    Ru [......]
Gold:   168        SH: 10    Dex: 10    Spells: 5/5 levels left

rFire    . . .     SeeInvis .   e - +1 rapier (speed)
rCold    . . .     Gourm    +   c - +0 shield
rNeg     . . .     Faith    .   b - +1 scale mail
rPois    .         Spirit   .   i - +1 hat
rElec    .         Reflect  .   (no cloak)
rCorr    .         Harm     .   (no gloves)
MR       .....                  (no boots)
Stlth    ..........             g - amulet of the gourmand
HPRegen  0.17/turn              (no ring)
MPRegen  0.09/turn              (no ring)

@: no status effects
A: retaliatory headbutt, horns 2
a: Sacrifice an Eye, Sacrifice Experience, Sacrifice Essence, Reject Sacrifices,
Renounce Religion


You were on level 4 of the Dungeon.
You worshipped Ru.
Ru was noncommittal.
You were very full.

You visited 1 branch of the dungeon, and saw 4 of its levels.

You collected 168 gold pieces.

Inventory:

Hand Weapons
 a - a +1 long sword
 e - a +1 rapier of speed (weapon)
Missiles
 k - 3 tomahawks (quivered)
Armour
 b - a +1 scale mail (worn)
 c - a +0 shield (worn)
 i - a +1 hat (worn)
Jewellery
 g - an amulet of the gourmand (around neck)
Scrolls
 h - a scroll of immolation
 j - a scroll of identify
 m - a scroll of enchant weapon
Potions
 d - a potion of might
 l - 2 potions of curing
Comestibles
 f - 7 rations


   Skills:
 + Level 4.5 Fighting
 + Level 2.0(3.4) Short Blades
 + Level 4.8(5.1) Long Blades
 + Level 5.2 Armour
 + Level 1.1 Dodging
 + Level 5.1 Shields


You had 5 spell levels left.
You didn't know any spells.
Your spell library was empty.

Dungeon Overview and Level Annotations

Branches:
Dungeon (4/15)
 Temple: D:4-7

Altars:
Elyvilon
Gozag
Hepliaklqana
Ru


Innate Abilities, Weirdness & Mutations

You reflexively headbutt those who attack you in melee.
You have a pair of horns on your head.


Message History

A frilled lizard comes into view.
The frilled lizard hisses angrily.
An ogre comes into view. It is wielding a giant spiked club.
The ogre shouts!
You puncture the frilled lizard!
You kill the frilled lizard!
The ogre hits you with a giant spiked club.
Your shield and scale mail prevent you from hitting the ogre.
You puncture the ogre!
The ogre is heavily wounded.
The ogre hits you with a giant spiked club!
You hit the ogre. Your headbutt misses the ogre.
The ogre is heavily wounded.
You hit the ogre. You headbutt the ogre.
The ogre is almost dead.
The ogre hits you with a giant spiked club!
You completely miss the ogre. Your headbutt misses the ogre.
The ogre is almost dead.
The ogre hits you with a giant spiked club!!
You die...

####....#
#....# #....#
#....####
####....#
#....#
#######.###
........#######
...##..@.......
#..O..##.##
#......+
#......#
...###... ####
.### .# .#


You could see an ogre.

Vanquished Creatures
  A hound (D:4)
  3 orc wizards (D:3)
  A centaur skeleton (D:4)
  Jessica (D:3)
  Natasha (D:3)
  A hound skeleton (D:4)
  5 adders
  3 oozes
  2 worms (D:3)
  5 dart slugs
  3 leopard geckos (D:3)
  5 orcs
  2 giant cockroaches
  5 goblins
  6 hobgoblins
  9 jackals
  A quokka (D:4)
  5 bats
  3 frilled lizards
  4 kobolds
  10 rats
  A toadstool (D:1)
77 creatures vanquished.

Vanquished Creatures (others)
  6 toadstools (D:1)
6 creatures vanquished.

Grand Total: 83 creatures vanquished

Notes
Turn   | Place    | Note
-------+----------+-------------------------------------------
     0 | D:1      | Sqgman the Minotaur Fighter began the quest for the Orb.
     0 | D:1      | Reached XP level 1. HP: 19/19 MP: 0/0
   162 | D:1      | Reached XP level 2. HP: 27/27 MP: 1/1
   471 | D:1      | Reached XP level 3. HP: 32/33 MP: 2/2
   758 | D:2      | Found a hazy altar of Hepliaklqana.
  1182 | D:2      | Reached XP level 4. HP: 36/40 MP: 3/3
  1352 | D:2      | Found a white marble altar of Elyvilon.
  1481 | D:2      | Found a faded altar of an unknown god.
  1488 | D:2      | Became a worshipper of Ru the Awakened
  1602 | D:3      | Found an opulent altar of Gozag.
  1832 | D:3      | Noticed Jessica
  1841 | D:3      | Killed Jessica
  1931 | D:3      | Reached XP level 5. HP: 46/46 MP: 4/4
  2235 | D:3      | Reached skill level 1 in Short Blades
  2320 | D:3      | Noticed Natasha
  2327 | D:3      | Killed Natasha
  2327 | D:3      | Reached skill level 5 in Armour
  2327 | D:3      | Reached skill level 5 in Shields
  2327 | D:3      | Reached XP level 6. HP: 46/53 MP: 5/5
  2469 | D:4      | Reached skill level 1 in Dodging
  2561 | D:4      | Slain by an ogre

Skill      XL: |  1  2  3  4  5  6 |
---------------+-------------------+-----
Armour         | 4 5 |  5.2
Fighting       | 4 |  4.5
Shields        | 4 5 |  5.1
Long Blades    | 3 4 |  4.8
Short Blades   | 1 2 |  2.0
Dodging        | 1 |  1.1

Action                   |  1- 3 |  4- 6 || total
-------------------------+-------+-------++-------
Melee: Long sword        |    59 |    31 ||    90
       Headbutt          |    12 |    17 ||    29
       Rapier            |       |    75 ||    75
  Use: Scroll            |     5 |     5 ||    10
       Potion            |     4 |     3 ||     7
  Eat: Chunk             |    10 |     4 ||    14
Armor: Scale mail        |    24 |    27 ||    51
       Robe              |    13 |       ||    13
Dodge: Dodged            |    35 |    22 ||    57
Block: Shield            |    49 |    46 ||    95
       Rpst.: Long sword |    17 |       ||    17
